 Dungeon Crawl Stone Soup version 0.32-a0-422-g28b100f618 (webtiles) character file.

Game seed: 10845831661094905731

65 Aldia the Chopper (level 3, -2/33 HPs)
             Began as a Mountain Dwarf Monk on Feb 21, 2024.
             Slain by Terence
             ... wielding a +0 falchion
              (8 damage)
             ... on level 2 of the Dungeon.
             The game lasted 00:01:11 (858 turns).

Aldia the Chopper (Mountain Dwarf Monk)              Turns: 858, Time: 00:01:11

Health: -2/33      AC:  8    Str: 15    XL:     3   Next: 94%
Magic:  3/3        EV:  7    Int: 10    God:
Gold:   28         SH:  0    Dex: 12    Spells: 2/2 levels left

rFire   . . .        a - +0 hand axe
rCold   . . .        d - orb {light}
rNeg    . . .        k - +0 chain mail
rPois   .            (no helmet)
rElec   .            (no cloak)
rCorr   .            (no gloves)
SInv    .            (no boots)
Will    .....        (no amulet) Stlth
                     (no ring)
HPRegen 0.25/turn    (no ring)
MPRegen 0.08/turn

%: no passive effects
@: slowed, glowing, very slow
A: runic magic, artefact enchanting
a: no special abilities


You were on level 2 of the Dungeon.
You visited 1 branch of the dungeon, and saw 2 of its levels.

You collected 28 gold pieces.

Inventory:

Hand Weapons
 a - a +0 hand axe (weapon)
Armour
 b - a +0 robe
 d - an orb of light (worn)
 k - a +0 chain mail (worn)
Scrolls
 e - a scroll of teleportation {unknown}
 f - a scroll of blinking {unknown}
 h - a scroll of fear {unknown}
 i - a scroll of identify {unknown}
 j - a scroll of amnesia {unknown}
Potions
 c - a potion of ambrosia
 g - a potion of might {unknown}


   Skills:
 + Level 3.9 Fighting
 * Level 4.8 Axes
 + Level 1.7 Armour
 - Level 2.2 Dodging


You had 2 spell levels left.
You didn't know any spells.
Your spell library contained the following spells:

 Spells                   Type           Power      Damage    Failure   Level
 Olgreb's Toxic Radiance  Alch           0%         N/A       100%        4
 Ozocubu's Refrigeration  Ice            0%         4d7       100%        7
 Discord                  Hex            0%         N/A       100%        8


Dungeon Overview and Level Annotations

Branches:
Dungeon (2/15)

Altars:

Shops:
D:1 (

Annotations:
D:2 Terence


Innate Abilities, Weirdness & Mutations

Your spellcasting is much less encumbered by armour.
You can use scrolls of enchantment on lesser artefacts.


Message History

You hit the kobold but do no damage. Natasha claws you but does no damage.
The kobold hits you but does no damage. Natasha barely misses you.
The kobold completely misses you.
You slash Natasha!
Natasha is almost dead.
You barely miss the kobold.
Natasha stares at you and mumbles some strange words.
The magic dart hits you. The kobold barely misses you.
Natasha claws you but does no damage.
The kobold hits you with a +0 short sword.
You closely miss Natasha.
Natasha is almost dead.
You barely miss the kobold. Natasha claws you but does no damage.
The kobold hits you with a +0 short sword.
You hit Natasha but do no damage.
Natasha is almost dead.
You closely miss the kobold. Natasha claws you.
The kobold hits you with a +0 short sword.
Natasha closely misses you.
The kobold hits you with a +0 short sword.
You hit Natasha.
You kill Natasha!
Natasha yowls pathetically as she dies!
You hit the kobold but do no damage. The kobold hits you but does no damage.
You hit Terence but do no damage. You hit the kobold but do no damage.
The kobold hits you with a +0 short sword.
Terence hits you with a +0 falchion.
* * * LOW HITPOINT WARNING * * *
The kobold hits you but does no damage. Terence completely misses you.
You hit Terence but do no damage. You hit the kobold but do no damage.
The kobold barely misses you. Terence hits you with a +0 falchion.
* * * LOW HITPOINT WARNING * * *
The kobold hits you but does no damage. Terence hits you with a +0 falchion.
* * * LOW HITPOINT WARNING * * *
You hit Terence.
Terence is moderately wounded.
You hit the kobold but do no damage. The kobold hits you but does no damage.
Terence hits you with a +0 falchion!
You die...
Terence says, "Time to find some more victims."

#..... ..#
#........#
#......(.#
#........#
.)......#
......# #K#@#
#.@.# #.###
#.#####
#.....#
#####.#######
#.##....#
#.##.##.#
#.##.##<#
#....####


You could see Terence and a kobold.

Vanquished Creatures
  Natasha (D:2)
  An endoplasm (D:1)
  2 giant cockroaches (D:1)
  3 goblins (D:1)
  2 hobgoblins (D:1)
  2 quokkas (D:1)
  2 ball pythons (D:1)
  2 bats (D:1)
  3 frilled lizards (D:1)
  A kobold (D:1)
  5 rats (D:1)
24 creatures vanquished.

Notes
Turn   | Place    | Note
-------+----------+-------------------------------------------
     0 | D:1      | Aldia the Mountain Dwarf Monk began the quest for the Orb.
     0 | D:1      | Reached XP level 1. HP: 19/19 MP: 1/1
    54 | D:1      | Reached skill level 4 in Axes
    54 | D:1      | Reached XP level 2. HP: 24/26 MP: 2/2
    79 | D:1      | Found Yloynuh's Weapon Shop.
   100 | D:1      | Reached skill level 1 in Armour
   288 | D:1      | Reached XP level 3. HP: 33/33 MP: 3/3
   846 | D:2      | Noticed Natasha
   847 | D:2      | Noticed Terence
   855 | D:2      | Killed Natasha
   858 | D:2      | Slain by Terence

Illustrated notes

Levels and vault maps discovered:
D:1:      dpeg_arrival_yet_another_circle, layout_loops_ring, serial_shops, shop
D:2:      layout_basic, basic_altar, uniq_terence, uniq_robin, uniq_natasha

Skill      XL: |  1  2 |
---------------+-------+-----
Axes           | 4 |  4.8
Armour         | 1 |  1.7
Fighting       | |  3.9
Dodging        | |  2.2

Action                     || total
---------------------------++-------
  Melee: Hand axe          ||    65
 Armour: Robe              ||    34
         Chain mail        ||    24
  Dodge: Dodged            ||    45

Table legend: (Time is in decaauts)
 A = Elapsed time spent in this place.
 B = Non-inter-level travel time spent in this place.
 C = Inter-level travel time spent in this place.
 D = Time resting spent in this place.
 E = Time spent auto-exploring this place.
 F = Levels seen in this place.
 G = Mean time per level.
                   A        B        C        D        E       F      G
               +--------+--------+--------+--------+--------+-----+--------+
         Total |    869 |    785 |     84 |      0 |    640 |   2 |  434.5 |
       Dungeon |    869 |    785 |     84 |      0 |    640 |   2 |  434.5 |
               +--------+--------+--------+--------+--------+-----+--------+

Top non-repeatable levels by time:
     D:1: 830 daAuts
     D:2: 38 daAuts
